 Dungeon Crawl Stone Soup version 0.23.2-40-g277498a001 (webtiles) character file.

Game seed: 5512968082899869296

216 Curus the Chopper (level 5, 0/45 HPs)
             Began as a Hill Orc Abyssal Knight on Oct 17, 2019.
             Was a Priest of Lugonu.
             Slain by Pikel
             ... wielding a +1 whip of flaming
              (1 damage)
             ... on level 3 of the Dungeon.
             The game lasted 00:08:57 (3314 turns).

Curus the Chopper (Hill Orc Abyssal Knight)         Turns: 3314, Time: 00:08:58

Health: 0/45       AC:  9    Str: 15    XL:     5   Next: 93%
Magic:  9/9        EV:  5    Int: 12    God:    Lugonu [***...]
Gold:   186        SH:  3    Dex: 11    Spells: 4/4 levels left

rFire    + . .     SeeInvis .   p - +1 war axe
rCold    + . .     Gourm    .   d - +0 buckler
rNeg     . . .     Faith    .   o - +0 chain mail
rPois    .         Spirit   .   k - +0 helmet
rElec    .         Reflect  .   n - scarf {rC+ rF+}
rCorr    .         Harm     .   (no gloves)
MR       .....                  (no boots)
Stlth    ..........             e - amulet of the acrobat
HPRegen  0.15/turn              (no ring)
MPRegen  0.11/turn              (no ring)

@: no status effects
A: no striking features
a: Depart the Abyss, Bend Space, Banish, Renounce Religion


You were on level 3 of the Dungeon.
You worshipped Lugonu.
Lugonu was most pleased with you.
You were not hungry.

You visited 1 branch of the dungeon, and saw 4 of its levels.
You visited the Abyss 1 time.

You collected 186 gold pieces.

Inventory:

Hand Weapons
 a - a +1 hand axe
 g - a +0 hand axe of flaming
 p - a +1 war axe (weapon)
Armour
 b - a +0 leather armour
 d - a +0 buckler (worn)
 i - a +3 leather armour of poison resistance
 k - a +0 helmet (worn)
 l - a +0 ring mail
 n - a scarf of resistance (worn)
 o - a +0 chain mail (worn)
Jewellery
 e - an amulet of the acrobat (around neck)
 j - an uncursed amulet of harm
Scrolls
 h - a scroll of remove curse
Potions
 f - a potion of curing
 m - 2 potions of brilliance
Comestibles
 c - 5 rations


   Skills:
 - Level 3.6 Fighting
 + Level 5.8 Axes
 - Level 2.1 Armour
 - Level 0.7 Dodging
 + Level 5.7 Invocations


You had 4 spell levels left.
You didn't know any spells.
Your spell library was empty.

Dungeon Overview and Level Annotations

Branches:
Dungeon (4/15)
 Temple: D:4-7

Altars:
Gozag

Annotations:
D:3 Pikel


Message History

Pikel barely misses you.
You miss Pikel.
Pikel is heavily wounded.
Pikel barely misses you.
Press: ? - help, Shift-Dir - straight line, f - Pikel
Aim: Pikel, wielding a +1 whip of flaming and wearing a +0 robe (heavily wounded, chance to defeat MR: 84%)
You fail to use your ability.
Pikel hits you but does no damage.
Your chain mail prevents you from hitting Pikel.
Pikel is heavily wounded.
You block Pikel's attack.
You miss Pikel.
Pikel is heavily wounded.
Pikel waves his whip at you. Pikel hits you but does no damage.
You barely miss Pikel.
Pikel is heavily wounded.
Pikel hits you with a +1 whip of flaming.
* * * LOW HITPOINT WARNING * * *
Pikel hits you with a +1 whip of flaming.
You die...

...# #...##....##................
...###...####.....#..............
...##..............).......).....
...##............#...............
...##...........###.......).)....
#....).........## ##.............
...).รท.........# ##............#
....###......######......##...###
....# #.......#.@Kp...##.....##
##.#####.<......##p#####......#
...#..8#.......##..# ##....#.##
......_#........#.#####.....#..#
...#..8#...........p........##.#
...#####............p..(((.(.#.#
###..##.......#####.K>....##.#.##
....##.........# #.....#........
.#####.........# #...>.######...


You could see Pikel and 2 slaves.

Vanquished Creatures
  6 gnolls (D:2)
  3 adders
  A shadow imp (D:3)
  An ooze (D:2)
  5 worms
  3 dart slugs
  A leopard gecko (D:1)
  11 orcs
  2 giant cockroaches
  8 goblins
  8 hobgoblins
  15 jackals
  A quokka (D:3)
  A ball python (D:2)
  4 bats
  3 frilled lizards (D:1)
  3 kobolds
  9 rats
85 creatures vanquished.

Notes
Turn   | Place    | Note
-------+----------+-------------------------------------------
     0 | Abyss:1  | Curus the Hill Orc Abyssal Knight began the quest for the
                  | Orb.
     0 | Abyss:1  | Reached XP level 1. HP: 19/19 MP: 2/2
    26 | D:1      | Escaped the Abyss
   359 | D:1      | Reached XP level 2. HP: 26/26 MP: 4/4
  1044 | D:1      | Reached XP level 3. HP: 24/31 MP: 5/5
  1468 | D:2      | Reached ** piety under Lugonu
  1674 | D:2      | Reached XP level 4. HP: 27/39 MP: 7/7
  2238 | D:2      | Reached skill level 5 in Axes
  2238 | D:2      | Reached XP level 5. HP: 14/45 MP: 8/8
  2239 | D:2      | Reached skill level 5 in Invocations
  2964 | D:3      | Reached *** piety under Lugonu
  3030 | D:3      | Found an opulent altar of Gozag.
  3274 | D:4      | Noticed Pikel
  3274 | D:4      | Noticed a slave
  3274 | D:4      | Noticed a slave
  3274 | D:4      | Noticed a slave
  3274 | D:4      | Noticed a slave
  3314 | D:3      | HP: 1/45 [Pikel/+1 whip of flaming (6)]
  3314 | D:3      | Slain by Pikel

Skill      XL: |  1  2  3  4  5 |
---------------+----------------+-----
Axes           | 3 4 5 |  5.8
Invocations    | 3 4 5 |  5.7
Fighting       | |  3.6
Armour         | |  2.1
Dodging        | |  0.7

Action                   |  1- 3 |  4- 6 || total
-------------------------+-------+-------++-------
Melee: Hand axe          |   118 |   106 ||   224
       War axe           |       |    56 ||    56
  Use: Scroll            |     5 |     1 ||     6
       Potion            |     2 |     4 ||     6
  Eat: Chunk             |     3 |     5 ||     8
Armor: Leather armour    |    24 |       ||    24
       Ring mail         |    19 |    34 ||    53
       Chain mail        |       |    24 ||    24
Dodge: Dodged            |    47 |    59 ||   106
Block: Buckler           |    12 |    22 ||    34
